 Dungeon Crawl Stone Soup version 0.28-a0-268-g3f656e82c2 (webtiles) character file.

Game seed: 2345905380950883560

58 Avack the Gusty (level 4, -3/20 (24) HPs)
             Began as a Tengu Air Elementalist on Aug 28, 2021.
             Was an Initiate of Hepliaklqana.
             Slain by Edmund (4 damage)
             ... on level 4 of the Dungeon.
             The game lasted 00:07:08 (2771 turns).

Avack the Gusty (Tengu Air Elementalist)            Turns: 2771, Time: 00:07:08

HP:   -3/20 (24)    AC:  4    Str:  8    XL:     4   Next: 1%
MP:   2/8           EV: 12    Int: 16    God:    Hepliaklqana [......]
Gold: 125           SH:  0    Dex: 15    Spells: 2/7 levels left

rFire   . . .      SeeInvis .   k - +0 mace (drain)
rCold   . . .      Faith    .   (no shield)
rNeg    . . .      Spirit   .   a - +2 robe
rPois   .          Reflect  .   (helmet restricted)
rElec   .          Harm     .   (no cloak)
rCorr   .          Rampage  .   (no gloves)
Will    .....                   (boots unavailable)
Stlth   ++........              (no amulet)
HPRegen 0.06/turn               (no ring)
MPRegen 0.11/turn               (no ring)

@: heavily drained
A: beak, talons 3
a: Renounce Religion


You were on level 4 of the Dungeon.
You worshipped Hepliaklqana.
Hepliaklqana was noncommittal.
You visited 1 branch of the dungeon, and saw 4 of its levels.

You collected 125 gold pieces.

Inventory:

Hand Weapons
 k - a +0 mace of draining (weapon)
Missiles
 b - 4 atropa-tipped darts
 c - 138 stones
 m - 8 poisoned darts (quivered)
Armour
 a - a +2 robe (worn)
Potions
 d - a potion of resistance {unknown}
 f - 3 potions of heal wounds
 h - a potion of lignification {unknown}
 j - 2 potions of mutation


   Skills:
 - Level 2.1 Dodging
 - Level 2.0 Stealth
 * Level 2.2 Spellcasting
 - Level 1.3 Conjurations
 + Level 1.5 Translocations
 * Level 5.4 Air Magic


You had 2 spell levels left.
You knew the following spells:

 Your Spells              Type           Power      Damage    Failure   Level
a - Shock                 Conj/Air       48%        1d6       4%          1
b - Static Discharge      Conj/Air       12%        N/A       8%          2
c - Blink                 Tloc           N/A        N/A       17%         2

Your spell library contained the following spells:

 Spells                   Type           Power      Damage    Failure   Level
 Beastly Appendage        Tmut           2%         N/A       21%         1
 Wereblood                Tmut           1%         N/A       30%         2
 Swiftness                Air            19%        N/A       7%          3
 Airstrike                Air            9%         N/A       22%         4
 Lesser Beckoning         Tloc           3%         N/A       32%         3
 Spider Form              Tmut/Pois      0%         N/A       52%         3
 Manifold Assault         Tloc           6%         N/A       97%         5


Dungeon Overview and Level Annotations

Branches:
Dungeon (4/15)
 Temple: D:4-7

Altars:
Ashenzari
Elyvilon
Hepliaklqana
Makhleb
Okawaru
Yredelemnul
Zin
The Shining One

Annotations:
D:4 Edmund


Innate Abilities, Weirdness & Mutations

You have a beak for a mouth.
You have claws for feet.


Message History

You see here a +0 spear.
Things that are here:
a +0 club; a gnoll skeleton
m - 7 poisoned darts (gained 1)
m - 8 poisoned darts (gained 1) Edmund is nearby!
Things that are here:
a +0 club; a gnoll skeleton You see here a +0 spear.
Edmund shouts!
You see here a +0 leather armour.
There is a stone staircase leading up here.
You aren't carrying any scrolls.
Unknown command.
Okay, then.
Casting: Shock (safe; 4% risk of failure)
Confirm with . or Enter, or press ? or * to list all spells.
Edmund is struck by an arc of lightning.
Edmund is lightly wounded.
You are struck by an arc of lightning.
The lightning grounds out.
Edmund hits you with a +1 flail of draining.
You feel drained.
Casting: Static Discharge (safe; 8% risk of failure)
Confirm with . or Enter, or press ? or * to list all spells.
Edmund is struck by an arc of lightning!
Edmund is moderately wounded.
You are struck by an arc of lightning.
The lightning grounds out.
Edmund hits you with a +1 flail of draining!
* * * LOW HITPOINT WARNING * * *
You feel drained.
* * * LOW HITPOINT WARNING * * *
Casting: Static Discharge (safe; 8% risk of failure)
Confirm with . or Enter, or press ? or * to list all spells.
Edmund is struck by an arc of lightning!
Edmund is heavily wounded.
You are struck by an arc of lightning.
* * * LOW HITPOINT WARNING * * *
The lightning grounds out.
Edmund hits you with a +1 flail of draining.
You die...

#..........#
#.# #.#
#.#####.####
#.# #(.
#######.#####.#
###
#........<.##.#
#.#####.##.##.#
#.##.##..
#.##.####
#.##@# #.#@#.#
#..###.. ###
###


You could see Edmund.

Vanquished Creatures
  2 gnolls (D:4)
  A dart slug (D:3)
  An orc (D:3)
  4 ball pythons
  4 endoplasms
  3 giant cockroaches
  2 goblins
  4 hobgoblins
  5 kobolds
  3 frilled lizards
  3 rats
32 creatures vanquished.

Vanquished Creatures (others)
  A plant (D:1)
1 creature vanquished.

Grand Total: 33 creatures vanquished

Notes
Turn   | Place    | Note
-------+----------+-------------------------------------------
     0 | D:1      | Avack the Tengu Air Elementalist began the quest for the
                  | Orb.
     0 | D:1      | Reached XP level 1. HP: 10/10 MP: 4/4
   275 | D:1      | Reached XP level 2. HP: 15/15 MP: 0/6
   358 | D:1      | Learned a level 2 spell: Static Discharge
   361 | D:1      | Learned a level 2 spell: Blink
   994 | D:2      | You fall into a shaft and drop 1 floor!
   994 | D:3      | Found a white marble altar of Elyvilon.
   994 | D:3      | Found a hazy altar of Hepliaklqana.
   994 | D:3      | Found a glowing silver altar of Zin.
   994 | D:3      | Found a broken altar of Ashenzari.
   994 | D:3      | Found a basalt altar of Yredelemnul.
   997 | D:3      | Avack: !whichgod teae
   997 | D:3      | beem: 65 recent wins for teae: 28x Vehumet, 12x Gozag, 10x
                  | Sif Muna, 4x Ashenzari, 4x Ru, Cheibriados, The Shining
                  | One, Dithmenos, Elyvilon, Uskayaw, Hepliaklqana, Qazlal
  1013 | D:3      | Became a worshipper of Hepliaklqana the Forgotten
  1297 | D:3      | Avack: ??whichstat
  1297 | D:3      | beem: whichstat ~ which stat[1/2]: For most characters
                  | early game, go in order: Casting spells that want
                  | spellpower -> Int, not enough str to wear plate and you
                  | want to wear plate -> Str, otherwise -> Dex, unless you
                  | already have or will soon have >=24 dex, then possibly
                  | reconsider. See {dodging}.
  1297 | D:3      | Reached XP level 3. HP: 19/19 MP: 2/7
  1386 | D:3      | Reached skill level 1 in Translocations
  1386 | D:3      | Reached skill level 5 in Air Magic
  2191 | D:3      | Found a glowing golden altar of the Shining One.
  2219 | D:3      | Found a burning altar of Makhleb.
  2221 | D:3      | Found an iron altar of Okawaru.
  2365 | D:4      | Noticed Edmund
  2655 | D:4      | Reached XP level 4. HP: 18/24 MP: 8/8
  2771 | D:4      | HP: 1/20 [/static electricity (3)]
  2771 | D:4      | Slain by Edmund

Illustrated notes

Levels and vault maps discovered:
D:1:      giann_bridges, layout_loops_ring, minmay_misc_feat_hallway
D:2:      layout_basic, kennysheep_pointless_box, kennysheep_generic_room_7,
          uniq_terence
D:3:      layout_basic, grunt_temple_overflow_open, minitemple,
          palyth_stone_intersect, lemuel_old_faithful
D:4:      layout_loops_ring, uniq_ijyb, uniq_blork_the_orc, uniq_edmund

Skill      XL: |  1  2  3 |
---------------+----------+-----
Translocations | 1 |  1.5
Air Magic      | 5 |  5.4
Dodging        | |  2.1
Stealth        | |  2.0
Spellcasting   | |  2.2
Conjurations   | |  1.3

Action                   |  1- 3 |  4- 6 || total
-------------------------+-------+-------++-------
Melee: Mace              |    10 |       ||    10
       Kick              |     2 |       ||     2
       Peck              |     2 |       ||     2
Throw: Dart              |    10 |       ||    10
 Cast: Shock             |    54 |       ||    54
       Static Discharge  |     3 |     3 ||     6
  Use: Scroll            |       |     5 ||     5
Armor: Leather armour    |     2 |       ||     2
Dodge: Dodged            |    14 |       ||    14

Table legend: (Time is in decaauts)
 A = Elapsed time spent in this place.
 B = Non-inter-level travel time spent in this place.
 C = Inter-level travel time spent in this place.
 D = Time resting spent in this place.
 E = Time spent auto-exploring this place.
 F = Levels seen in this place.
 G = Mean time per level.
                   A        B        C        D        E       F      G
               +--------+--------+--------+--------+--------+-----+--------+
         Total |   2778 |   2541 |    237 |     50 |   2093 |   4 |  694.5 |
       Dungeon |   2778 |   2541 |    237 |     50 |   2093 |   4 |  694.5 |
               +--------+--------+--------+--------+--------+-----+--------+

Top non-repeatable levels by time:
     D:3: 1354 daAuts
     D:1: 905 daAuts
     D:4: 430 daAuts
     D:2: 88 daAuts
